Rafales vs Patriotes (R2)

Created - May 17, 2019 at 23:37

Goals
1 2 3 T
Rafales 0 4 1 5
Patriotes 2 2 3 7
Shots
1 2 3 T
Rafales 6 15 9 30
Patriotes 19 10 8 37

1st period

1. Patriotes , Cody Eakin 4 (Matt Calvert 4) at 1:42
2. Patriotes , Matt Calvert 5 (Cody Eakin 4) at 19:15 (PP)

Penalties :
Kevin Veilleux (Stf) for Hooking (Minor) at 4:51, Austin Watson (Nyc) for Hooking (Minor) at 7:19, Dylan McIlrath (Stf) for Interference (Minor) at 11:40, Borna Rendulic (Nyc) for Hooking (Minor) at 15:37, Kevin Veilleux (Stf) for Holding Stick (Minor) at 19:09, Emerson Etem (Nyc) for Holding (Minor) at 19:34

2nd period

3. Rafales , Michael Ryder 3 (Cody McLeod 2, Matt Gilroy 2) at 0:37 (PP)
4. Rafales , Brian Ferlin 1 (Slater Koekkoek 2, Dylan McIlrath 2) at 6:27
5. Patriotes , Matt Calvert 6 (Cody Eakin 5, Tyler Randell 4) at 9:35
6. Rafales , Brian Ferlin 2 (Matt Gilroy 3, James Sheppard 1) at 10:46
7. Patriotes , Justin Florek 1 (Christian Hanson 4) at 12:35
8. Rafales , Milan Bartovic 2 (Nathan Davis 4, Carl Klingberg 3) at 18:08 (PP)

Penalties :
Borna Rendulic (Nyc) for Tripping (Minor) at 1:28, Shane Sims (Nyc) for Interference (Minor) at 4:22, Borna Rendulic (Nyc) for Holding (Minor) at 17:29, Cody Eakin (Nyc) for Charging (Minor) at 18:16

3rd period

9. Patriotes , Tyler Randell 2 (Cody Eakin 6) at 12:16
10. Rafales , Michael Ryder 4 (Mike Zigomanis 6) at 19:04
11. Patriotes , Timothy Kunes 3 (Aleksander Barkov 1) at 19:08
12. Patriotes , Tyler Randell 3 (Timothy Kunes 5) at 19:22 (Empty Net)

Penalties :
David Kolomatis (Nyc) for Slashing (Double Minor) at 2:36, Brian Ferlin (Stf) for Hooking (Minor) at 16:18

Goalie Stats

Leland Irving (Stf), 30 saves from 36 shots - (0.833), L, 2-3-0, 59:38 minutes
Marek Schwarz (Nyc), 25 saves from 30 shots - (0.833), W, 3-2-0, 60:00 minutes

Players Stats for Rafales

Player Name              G  A  P  +/- PIM S  H  SB GA TA FO     MP     PP MP  PK MP  
------------------------------------------------------------------------------------
Brian Ferlin             2  0  2   1  2   3  0  1  0  0  1/1    12:07   1:06   0:30 
Carl Klingberg           0  1  1   0  0   0  1  0  1  0  0/0    17:39   6:05   2:15 
Cedric Paquette          0  0  0   0  0   0  2  0  0  0  0/3     8:30   1:06   0:41 
Chris Terry              0  0  0  -1  0   0  0  0  0  0  0/0     6:35   0:03   0:00 
Cody McLeod              0  1  1  -3  0   1  2  0  0  1  0/2    23:27   8:22   3:14 
Connor Murphy            0  0  0  -3  0   0  2  2  0  0  0/0    29:36   8:20   3:27 
Dylan McIlrath           0  1  1   0  2   0  1  0  0  0  0/0     9:48   0:34   0:00 
James Marcou             0  0  0  -1  0   0  0  0  0  0  0/0     6:32   0:00   0:00 
James Sheppard           0  1  1   1  0   4  2  0  0  1  0/0    11:36   1:06   0:12 
Joey Laleggia            0  0  0   0  0   1  2  2  0  0  0/0    20:54   6:42   2:36 
Julian Melchiori         0  0  0   0  0   1  0  0  0  2  0/0    20:54   6:42   2:36 
Kevin Veilleux           0  0  0   0  4   3  1  0  0  0  2/8    10:22   0:00   0:00 
Matt Gilroy              0  2  2  -3  0   4  7  1  1  2  0/0    29:36   8:20   3:27 
Michael Ryder            2  0  2  -3  0   7  0  0  1  0  0/1    22:29   8:20   1:38 
Mike Zigomanis           0  1  1  -3  0   2  2  0  1  0  18/40  23:38   8:20   3:30 
Milan Bartovic           1  0  1   0  0   1  1  0  0  1  0/3    15:17   6:10   0:00 
Nathan Davis             0  1  1   0  0   3  2  0  2  0  6/10   15:23   6:10   0:06 
Slater Koekkoek          0  1  1   0  0   0  0  1  0  0  0/0     9:30   0:34   0:00 

Players Stats for Patriotes

Player Name              G  A  P  +/- PIM S  H  SB GA TA FO     MP     PP MP  PK MP  
------------------------------------------------------------------------------------
Aaron Ness               0  0  0   2  0   0  0  0  0  2  0/0    19:14   2:26   5:41 
Aleksander Barkov        0  1  1   0  0   0  1  0  1  0  6/10   10:13   0:00   0:00 
Austin Watson            0  0  0   0  2   1  2  0  0  0  0/1    13:29   0:00   2:09 
Borna Rendulic           0  0  0   0  6   3  1  0  1  0  0/0    10:42   0:00   0:00 
Christian Hanson         0  1  1   0  0   2  1  2  0  0  5/11   20:13   2:33   8:12 
Cody Eakin               1  3  4   3  2   8  2  0  0  0  24/37  23:45   3:28   6:37 
Dale Weise               0  0  0   0  0   0  2  0  0  0  0/0     4:51   0:00   0:00 
David Kolomatis          0  0  0   1  4   1  4  0  0  0  0/0    19:20   2:26   4:37 
Dillon Heatherington     0  0  0   1  0   0  0  0  1  1  0/0    10:50   0:00   2:37 
Emerson Etem             0  0  0   1  2   0  0  0  0  0  0/0    10:59   2:33   0:00 
Jared Knight             0  0  0   0  0   0  0  0  0  0  2/2     5:32   0:00   0:41 
Justin Florek            1  0  1   1  0   2  0  1  0  1  1/2    11:30   2:33   0:30 
Mario Lucia              0  0  0   0  0   0  0  0  0  0  0/0     4:51   0:00   0:00 
Matt Calvert             2  1  3   3  0   7  3  0  3  1  1/1    20:27   3:28   4:22 
Maxim Mamin              0  0  0   0  0   0  0  0  0  0  0/0     0:00   0:00   0:00 
Riley Barber             0  0  0   0  0   0  0  0  0  0  0/0     0:06   0:02   0:00 
Robert Baillargeon       0  0  0  -1  0   0  1  0  0  0  2/3     5:52   0:00   4:19 
Ryan Fitzgerald          0  0  0   0  0   0  0  0  0  0  0/0     1:01   0:07   0:00 
Shane Sims               0  0  0   0  2   2  4  1  1  0  0/0    29:16   3:37   7:31 
Shea Theodore            0  0  0   1  0   1  0  1  0  0  0/0    10:02   0:00   1:01 
Timothy Kunes            1  1  2   0  0   4  2  4  0  0  0/0    30:52   3:37   9:02 
Tyler Randell            2  1  3   3  0   6  2  0  0  1  0/1    21:11   3:25   5:05 

3 Stars

1 - Matt Calvert (Nyc)
2 - Tyler Randell (Nyc)
3 - Cody Eakin (Nyc)

Power Play

Rafales - 2 on 9 Attempt(s) - 22.22%
Patriotes - 1 on 4 Attempt(s) - 25.00%

Penalty Kill

Rafales - 3 on 4 Attempt(s) - 75.00% - Score 0 goal in Penalty Kill
Patriotes - 7 on 9 Attempt(s) - 77.78% - Score 0 goal in Penalty Kill

Team Stat

Rafales - Hits : 25 - Faceoff Wins : 27 - Blocked Shots : 7 - Penalty Minutes : 8
Patriotes - Hits : 25 - Faceoff Wins : 41 - Blocked Shots : 9 - Penalty Minutes : 18

Official

Referees : Unknown
Linesman : Unknown

Game Notes

Tyler Randell has scored in a empty net!

Finance

Level 1 -- Attendance: 1883 (94.15%) -- Ticket Income $75,320
Level 2 -- Attendance: 902 (90.20%) -- Ticket Income $18,040
Total Attendance: 2785 (92.83%)
Total Ticket Income: $93,360
Other Income: $4,668
Total Income: $98,028

Rafales

5 vs 5 Forward 
   Center                   Left Wing                Right Wing               Time % Phy DF OF 
 1 Mike Zigomanis           Cody McLeod              Michael Ryder            40     0   1  4  
 2 Nathan Davis             Carl Klingberg           Milan Bartovic           30     0   1  4  
 3 Kevin Veilleux           James Sheppard           Brian Ferlin             20     1   1  3  
 4 Cedric Paquette          Chris Terry              James Marcou             10     2   1  2  

5 vs 5 Defense 
   Defense                  Defense                                           Time % Phy DF OF 
 1 Matt Gilroy              Connor Murphy                                     40     1   3  1  
 2 Julian Melchiori         Joey Laleggia                                     30     1   3  1  
 3 Dylan McIlrath           Slater Koekkoek                                   20     1   3  1  
 4 Matt Gilroy              Connor Murphy                                     10     1   3  1  

PowerPlay Forward 
   Center                   Left Wing                Right Wing               Time % Phy DF OF 
 1 Mike Zigomanis           Cody McLeod              Michael Ryder            60     0   0  5  
 2 Nathan Davis             Carl Klingberg           Milan Bartovic           40     0   0  5  

PowerPlay Defense
   Defense                  Defense                                           Time % Phy DF OF 
 1 Matt Gilroy              Connor Murphy                                     60     0   2  3  
 2 Julian Melchiori         Joey Laleggia                                     40     0   2  3  

Penalty Kill 4 Players Forward 
   Center                   Wing                     Time % Phy DF OF 
 1 Mike Zigomanis           Cody McLeod              60     1   3  1  
 2 Michael Ryder            Carl Klingberg           40     1   3  1  

Penalty Kill 4 Players Defense
   Defense                  Defense                  Time % Phy DF OF 
 1 Matt Gilroy              Connor Murphy            60     2   3  0  
 2 Julian Melchiori         Joey Laleggia            40     2   3  0  

Penalty Kill - 3 Players Forward 
   Forward                                           Time % Phy DF OF 
 1 Mike Zigomanis                                    60     1   4  0  
 2 Cody McLeod                                       40     1   4  0  

Penalty Kill - 3 Players Defense
   Defense                  Defense                  Time % Phy DF OF 
 1 Matt Gilroy              Connor Murphy            60     2   3  0  
 2 Julian Melchiori         Joey Laleggia            40     1   4  0  

4 vs 4 Forward 
   Center                   Wing                     Time % Phy DF OF 
 1 Mike Zigomanis           Cody McLeod              60     1   1  3  
 2 Michael Ryder            Carl Klingberg           40     1   1  3  

4 vs 4 Defense
   Defense                  Defense                  Time % Phy DF OF 
 1 Matt Gilroy              Connor Murphy            60     1   3  1  
 2 Julian Melchiori         Joey Laleggia            40     1   3  1  

Last Minutes Offensive
   Center                   Left Wing                Right Wing               Defense                  Defense                  
   Mike Zigomanis           Cody McLeod              Michael Ryder            Matt Gilroy              Connor Murphy            

Last Minutes Defensive
   Center                   Left Wing                Right Wing               Defense                  Defense                  
   Mike Zigomanis           Cody McLeod              Michael Ryder            Matt Gilroy              Connor Murphy            

Goaltenders
Starting : Leland Irving            
Backup : Sean Maguire             

Extra Forwards
Normal : Mike Zigomanis, Cody McLeod, Michael Ryder - PP : Mike Zigomanis, Cody McLeod - PK : Brian Ferlin
Extra Defensemen
Normal : Matt Gilroy, Connor Murphy, Julian Melchiori - PP : Matt Gilroy - PK : Connor Murphy, Julian Melchiori
Penalty Shots
Mike Zigomanis, Cody McLeod, Michael Ryder, Carl Klingberg, James Sheppard

Scratches
Ben Sexton (Healthy), Ryan Bourque (Healthy), Ben Johnson (Healthy), Jayson Megna (Healthy), Brad Ross (Healthy)
Ben Thomson (Healthy), Tyrell Goulbourne (Healthy), David Broll (Healthy), Stefan Chaput (Healthy), Dennis Persson (Healthy)
Akim Aliu (Healthy), Maksim Mayorov (Healthy), Chris Driedger (Healthy)

Patriotes

5 vs 5 Forward 
   Center                   Left Wing                Right Wing               Time % Phy DF OF 
 1 Cody Eakin               Matt Calvert             Tyler Randell            40     1   2  2  
 2 Christian Hanson         Justin Florek            Emerson Etem             30     1   2  2  
 3 Aleksander Barkov        Austin Watson            Borna Rendulic           20     1   2  2  
 4 Jared Knight             Mario Lucia              Dale Weise               10     1   2  2  

5 vs 5 Defense 
   Defense                  Defense                                           Time % Phy DF OF 
 1 Timothy Kunes            Shane Sims                                        40     1   2  2  
 2 David Kolomatis          Aaron Ness                                        30     1   2  2  
 3 Shea Theodore            Dillon Heatherington                              20     1   2  2  
 4 Timothy Kunes            Shane Sims                                        10     1   2  2  

PowerPlay Forward 
   Center                   Left Wing                Right Wing               Time % Phy DF OF 
 1 Cody Eakin               Matt Calvert             Tyler Randell            60     1   2  2  
 2 Christian Hanson         Justin Florek            Emerson Etem             40     1   2  2  

PowerPlay Defense
   Defense                  Defense                                           Time % Phy DF OF 
 1 Timothy Kunes            Shane Sims                                        60     1   2  2  
 2 David Kolomatis          Aaron Ness                                        40     1   2  2  

Penalty Kill 4 Players Forward 
   Center                   Wing                     Time % Phy DF OF 
 1 Cody Eakin               Christian Hanson         60     1   2  2  
 2 Tyler Randell            Matt Calvert             40     1   2  2  

Penalty Kill 4 Players Defense
   Defense                  Defense                  Time % Phy DF OF 
 1 Timothy Kunes            Shane Sims               60     1   2  2  
 2 David Kolomatis          Aaron Ness               40     1   2  2  

Penalty Kill - 3 Players Forward 
   Forward                                           Time % Phy DF OF 
 1 Cody Eakin                                        60     1   2  2  
 2 Christian Hanson                                  40     1   2  2  

Penalty Kill - 3 Players Defense
   Defense                  Defense                  Time % Phy DF OF 
 1 Timothy Kunes            Shane Sims               60     1   2  2  
 2 David Kolomatis          Aaron Ness               40     1   2  2  

4 vs 4 Forward 
   Center                   Wing                     Time % Phy DF OF 
 1 Cody Eakin               Christian Hanson         60     1   2  2  
 2 Tyler Randell            Matt Calvert             40     1   2  2  

4 vs 4 Defense
   Defense                  Defense                  Time % Phy DF OF 
 1 Timothy Kunes            Shane Sims               60     1   2  2  
 2 David Kolomatis          Aaron Ness               40     1   2  2  

Last Minutes Offensive
   Center                   Left Wing                Right Wing               Defense                  Defense                  
   Cody Eakin               Matt Calvert             Tyler Randell            Timothy Kunes            Shane Sims               

Last Minutes Defensive
   Center                   Left Wing                Right Wing               Defense                  Defense                  
   Cody Eakin               Matt Calvert             Tyler Randell            Timothy Kunes            Shane Sims               

Goaltenders
Starting : Marek Schwarz            
Backup : Thomas Greiss            

Extra Forwards
Normal : Ryan Fitzgerald, Riley Barber, Robert Baillargeon - PP : Ryan Fitzgerald, Riley Barber - PK : Robert Baillargeon
Extra Defensemen
Normal : Shea Theodore, Dillon Heatherington, David Kolomatis - PP : Shea Theodore - PK : Dillon Heatherington, David Kolomatis
Penalty Shots
Cody Eakin, Christian Hanson, Tyler Randell, Matt Calvert, Emerson Etem

Scratches
Jason Zucker (Healthy), Anthony Bitetto (Healthy), Andrei Vasilevskiy (Healthy), Phoenix Copley (Healthy)

% Time on Ice - Rafales

Lines # - Real PCT - Wanted PCT - Time Play
Normal Forward
1 - 31% - 40% - 11:49
2 - 25% - 30% - 9:32
3 - 26% - 20% - 9:55
4 - 17% - 10% - 6:32
Normal Defense
1 - 44% - 40% - 16:42
2 - 31% - 30% - 11:36
3 - 23% - 20% - 8:50
4 - 2% - 10% - 0:40
PP Forward
1 - 60% - 60% - 9:22
2 - 40% - 40% - 6:14
PP Defense
1 - 57% - 60% - 8:54
2 - 43% - 40% - 6:42
PK Forward
1 - 73% - 60% - 4:25
2 - 27% - 40% - 1:38
PK Defense
1 - 57% - 60% - 3:27
2 - 43% - 40% - 2:36
PK3 Forward
1 - 0% - 60%
2 - 0% - 40%
PK3 Defense
1 - 0% - 60%
2 - 0% - 40%
44 Forward
1 - 0% - 60%
2 - 0% - 40%
44 Defense
1 - 0% - 60%
2 - 0% - 40%
Last Minute Offensive  - 0:33
Last Minute Defensive  - 0:00
Total
Forward - 60:00
Defense - 60:00

% Time on Ice - Patriotes

Lines # - Real PCT - Wanted PCT - Time Play
Normal Forward
1 - 38% - 40% - 14:18
2 - 22% - 30% - 8:27
3 - 27% - 20% - 10:13
4 - 13% - 10% - 4:51
Normal Defense
1 - 46% - 40% - 17:18
2 - 30% - 30% - 11:20
3 - 24% - 20% - 9:01
4 - 0% - 10% - 0:10
PP Forward
1 - 58% - 60% - 3:30
2 - 42% - 40% - 2:33
PP Defense
1 - 60% - 60% - 3:37
2 - 40% - 40% - 2:26
PK Forward
1 - 72% - 60% - 11:14
2 - 28% - 40% - 4:22
PK Defense
1 - 57% - 60% - 8:52
2 - 43% - 40% - 6:44
PK3 Forward
1 - 0% - 60%
2 - 0% - 40%
PK3 Defense
1 - 0% - 60%
2 - 0% - 40%
44 Forward
1 - 0% - 60%
2 - 0% - 40%
44 Defense
1 - 0% - 60%
2 - 0% - 40%
Last Minute Offensive  - 0:00
Last Minute Defensive  - 0:32
Total
Forward - 60:00
Defense - 60:00

Play-by-Play

1st period


0:01 of 1st period - Mike Zigomanis wins face-off versus Cody Eakin in neutral zone.
0:27 of 1st period - Off-side.
0:28 of 1st period - Nathan Davis wins face-off versus Christian Hanson in neutral zone.
1:40 of 1st period - Snap shot by Cody Eakin.
1:40 of 1st period - Shot Misses the Net.
1:42 of 1st period - Wrist shot by Cody Eakin.
1:42 of 1st period - Goal by Cody Eakin - Rafales : 0 - Patriotes : 1.
1:43 of 1st period - Cody Eakin wins face-off versus Mike Zigomanis in neutral zone.
1:52 of 1st period - Snap shot by Cody Eakin.
1:52 of 1st period - Shot Misses the Net.
1:54 of 1st period - Snap shot by Cody Eakin.
1:54 of 1st period - Stopped by Leland Irving without a rebound.
1:55 of 1st period - Christian Hanson wins face-off versus Nathan Davis in Rafales zone.
2:20 of 1st period - Michael Ryder is hit by Tyler Randell and loses puck.
2:29 of 1st period - Slapshot by Cody Eakin.
2:29 of 1st period - Shot Blocked by Matt Gilroy.
3:05 of 1st period - Snap shot by Jared Knight.
3:05 of 1st period - Shot Blocked by Slater Koekkoek.
3:11 of 1st period - Shane Sims is hit by Cedric Paquette and loses puck.
3:24 of 1st period - Snap shot by Carl Klingberg.
3:24 of 1st period - Shot Misses the Net.
3:26 of 1st period - Snap shot by Carl Klingberg.
3:26 of 1st period - Deflect By Nathan Davis.
3:26 of 1st period - Shot Blocked by Timothy Kunes.
3:26 of 1st period - Puck is out of play.
3:27 of 1st period - Christian Hanson wins face-off versus Milan Bartovic in Patriotes zone.
3:32 of 1st period - Snap shot by Carl Klingberg.
3:32 of 1st period - Shot Misses the Net.
3:34 of 1st period - Wrist shot by Carl Klingberg.
3:34 of 1st period - Deflect By Nathan Davis.
3:34 of 1st period - Stopped by Marek Schwarz without a rebound.
3:35 of 1st period - Christian Hanson wins face-off versus Mike Zigomanis in Patriotes zone.
3:35 of 1st period - Christian Hanson is hit by Matt Gilroy.
3:41 of 1st period - Matt Gilroy is hit by Christian Hanson and loses puck.
4:04 of 1st period - Snap shot by Matt Calvert.
4:04 of 1st period - Stopped by Leland Irving with a rebound.
4:12 of 1st period - Dillon Heatherington is hit by Carl Klingberg and loses puck.
4:35 of 1st period - Shea Theodore is hit by Joey Laleggia and loses puck.
4:51 of 1st period - Minor Penalty to Kevin Veilleux for Hooking.
4:52 of 1st period - Mike Zigomanis wins face-off versus Cody Eakin in Rafales zone.
5:08 of 1st period - Wrist shot by Cody Eakin.
5:08 of 1st period - Stopped by Leland Irving without a rebound.
5:09 of 1st period - Mike Zigomanis wins face-off versus Christian Hanson in Rafales zone.
6:51 of 1st period - Penalty to Kevin Veilleux is over, Kevin Veilleux is back on ice.
7:00 of 1st period - David Kolomatis is hit by Cedric Paquette and loses puck.
7:19 of 1st period - Minor Penalty to Austin Watson for Hooking.
7:20 of 1st period - Cody Eakin wins face-off versus Mike Zigomanis in Patriotes zone.
7:20 of 1st period - Cody Eakin is hit by Mike Zigomanis.
8:31 of 1st period - David Kolomatis is hit by Cody McLeod and loses puck.
9:19 of 1st period - Penalty to Austin Watson is over, Austin Watson is back on ice.
9:28 of 1st period - Cedric Paquette is hit by Aleksander Barkov and loses puck.
9:33 of 1st period - Snap shot by Aleksander Barkov.
9:33 of 1st period - Shot Misses the Net.
9:35 of 1st period - Slapshot by Timothy Kunes.
9:35 of 1st period - Stopped by Leland Irving without a rebound.
9:36 of 1st period - Jared Knight wins face-off versus Cedric Paquette in Rafales zone.
10:01 of 1st period - Cody Eakin is hit by James Sheppard and loses puck.
11:15 of 1st period - Wrist shot by Nathan Davis.
11:15 of 1st period - Shot Blocked by Timothy Kunes.
11:17 of 1st period - Snap shot by Nathan Davis.
11:17 of 1st period - Stopped by Marek Schwarz with a rebound.
11:40 of 1st period - Minor Penalty to Dylan McIlrath for Interference.
11:41 of 1st period - Cody Eakin wins face-off versus Mike Zigomanis in Rafales zone.
11:43 of 1st period - Snap shot by Cody Eakin.
11:43 of 1st period - Shot Blocked by Connor Murphy.
11:47 of 1st period - Slapshot by Cody Eakin.
11:47 of 1st period - Shot Misses the Net.
11:49 of 1st period - Snap shot by Tyler Randell.
11:49 of 1st period - Stopped by Leland Irving with a rebound.
11:51 of 1st period - Wrist shot by Tyler Randell.
11:51 of 1st period - Stopped by Leland Irving without a rebound.
11:52 of 1st period - Cody Eakin wins face-off versus Mike Zigomanis in Rafales zone.
12:09 of 1st period - Matt Gilroy is hit by Cody Eakin and loses puck.
13:15 of 1st period - Icing by David Kolomatis.
13:16 of 1st period - Justin Florek wins face-off versus Michael Ryder in Patriotes zone.
13:40 of 1st period - Penalty to Dylan McIlrath is over, Dylan McIlrath is back on ice.
13:53 of 1st period - Joey Laleggia is hit by Dale Weise and loses puck.
13:58 of 1st period - Slapshot by Shea Theodore.
13:58 of 1st period - Stopped by Leland Irving without a rebound.
13:59 of 1st period - Aleksander Barkov wins face-off versus Kevin Veilleux in Rafales zone.
14:02 of 1st period - Wrist shot by Aleksander Barkov.
14:02 of 1st period - Shot Misses the Net.
14:04 of 1st period - Slapshot by David Kolomatis.
14:04 of 1st period - Stopped by Leland Irving with a rebound.
14:14 of 1st period - Wrist shot by Kevin Veilleux.
14:14 of 1st period - Stopped by Marek Schwarz without a rebound.
14:15 of 1st period - Mike Zigomanis wins face-off versus Cody Eakin in Patriotes zone.
14:16 of 1st period - Snap shot by Cody McLeod.
14:16 of 1st period - Shot Misses the Net.
14:47 of 1st period - Wrist shot by Christian Hanson.
14:47 of 1st period - Shot Misses the Net.
14:49 of 1st period - Slapshot by Timothy Kunes.
14:49 of 1st period - Stopped by Leland Irving without a rebound.
14:50 of 1st period - Cody Eakin wins face-off versus Mike Zigomanis in Rafales zone.
15:00 of 1st period - Off-side.
15:01 of 1st period - Mike Zigomanis wins face-off versus Cody Eakin in neutral zone.
15:06 of 1st period - Wrist shot by Michael Ryder.
15:06 of 1st period - Stopped by Marek Schwarz with a rebound.
15:14 of 1st period - Snap shot by Tyler Randell.
15:14 of 1st period - Stopped by Leland Irving with a rebound.
15:26 of 1st period - Slapshot by Borna Rendulic.
15:26 of 1st period - Stopped by Leland Irving without a rebound.
15:27 of 1st period - Aleksander Barkov wins face-off versus Milan Bartovic in Rafales zone.
15:37 of 1st period - Minor Penalty to Borna Rendulic for Hooking.
15:38 of 1st period - Cody Eakin wins face-off versus Mike Zigomanis in Patriotes zone.
16:48 of 1st period - Snap shot by Matt Calvert.
16:48 of 1st period - Stopped by Leland Irving with a rebound.
17:25 of 1st period - Mike Zigomanis is hit by Robert Baillargeon and loses puck.
17:37 of 1st period - Penalty to Borna Rendulic is over, Borna Rendulic is back on ice.
17:43 of 1st period - Icing by Shane Sims.
17:44 of 1st period - Robert Baillargeon wins face-off versus Kevin Veilleux in Patriotes zone.
17:44 of 1st period - Robert Baillargeon is hit by James Sheppard.
17:51 of 1st period - Shane Sims is hit by Matt Gilroy and loses puck.
18:08 of 1st period - Snap shot by Shane Sims.
18:08 of 1st period - Deflect By Matt Gilroy.
18:08 of 1st period - Stopped by Leland Irving without a rebound.
18:09 of 1st period - Nathan Davis wins face-off versus Cody Eakin in Rafales zone.
18:09 of 1st period - Nathan Davis is hit by Matt Calvert.
18:26 of 1st period - Icing by Tyler Randell.
18:27 of 1st period - Cody Eakin wins face-off versus Mike Zigomanis in Patriotes zone.
18:44 of 1st period - Tyler Randell is hit by Connor Murphy and loses puck.
18:57 of 1st period - Slapshot by James Sheppard.
18:57 of 1st period - Stopped by Marek Schwarz without a rebound.
18:58 of 1st period - Brian Ferlin wins face-off versus Christian Hanson in Patriotes zone.
19:09 of 1st period - Minor Penalty to Kevin Veilleux for Holding Stick.
19:10 of 1st period - Cody Eakin wins face-off versus Mike Zigomanis in Rafales zone.
19:15 of 1st period - Slapshot by Matt Calvert.
19:15 of 1st period - Goal by Matt Calvert - Rafales : 0 - Patriotes : 2.
19:16 of 1st period - Mike Zigomanis wins face-off versus Cody Eakin in neutral zone.
19:27 of 1st period - Backhand shot by Michael Ryder.
19:27 of 1st period - Stopped by Marek Schwarz without a rebound.
19:28 of 1st period - Mike Zigomanis wins face-off versus Justin Florek in Patriotes zone.
19:34 of 1st period - Minor Penalty to Emerson Etem for Holding.
19:35 of 1st period - Cody Eakin wins face-off versus Mike Zigomanis in Patriotes zone.
19:43 of 1st period - Snap shot by Cody Eakin.
19:43 of 1st period - Stopped by Leland Irving with a rebound.
19:45 of 1st period - Wrist shot by Christian Hanson.
19:45 of 1st period - Stopped by Leland Irving with a rebound.
19:47 of 1st period - Snap shot by Christian Hanson.
19:47 of 1st period - Stopped by Leland Irving with a rebound.
19:49 of 1st period - Wrist shot by Cody Eakin.
19:49 of 1st period - Stopped by Leland Irving with a rebound.
Goals for this period are 0 for Rafales vs 2 for Patriotes.
Shots for this period are 6 for Rafales vs 19 for Patriotes.

2nd period


0:01 of 2nd period - Cody Eakin wins face-off versus Mike Zigomanis in neutral zone.
0:09 of 2nd period - Slapshot by Cody McLeod.
0:09 of 2nd period - Stopped by Marek Schwarz without a rebound.
0:10 of 2nd period - Cody Eakin wins face-off versus Mike Zigomanis in Patriotes zone.
0:26 of 2nd period - Timothy Kunes is hit by Cody McLeod and loses puck.
0:31 of 2nd period - Snap shot by Cody McLeod.
0:31 of 2nd period - Shot Misses the Net.
0:33 of 2nd period - Slapshot by Matt Gilroy.
0:33 of 2nd period - Deflect By Shane Sims.
0:33 of 2nd period - Stopped by Marek Schwarz with a rebound.
0:37 of 2nd period - Wrist shot by Cody McLeod.
0:37 of 2nd period - Deflect By Michael Ryder.
0:37 of 2nd period - Goal by Michael Ryder - Rafales : 1 - Patriotes : 2.
0:38 of 2nd period - Cody Eakin wins face-off versus Mike Zigomanis in neutral zone.
0:47 of 2nd period - Backhand shot by Tyler Randell.
0:47 of 2nd period - Stopped by Leland Irving with a rebound.
1:03 of 2nd period - Nathan Davis is hit by Shane Sims and loses puck.
1:27 of 2nd period - Snap shot by Aleksander Barkov.
1:27 of 2nd period - Deflect By Austin Watson.
1:27 of 2nd period - Stopped by Leland Irving with a rebound.
1:28 of 2nd period - Minor Penalty to Borna Rendulic for Tripping.
1:29 of 2nd period - Mike Zigomanis wins face-off versus Cody Eakin in Patriotes zone.
3:21 of 2nd period - Cody McLeod is hit by Shane Sims and loses puck.
3:28 of 2nd period - Penalty to Borna Rendulic is over, Borna Rendulic is back on ice.
3:34 of 2nd period - Jared Knight is hit by Matt Gilroy and loses puck.
3:40 of 2nd period - Off-side.
3:41 of 2nd period - Kevin Veilleux wins face-off versus Aleksander Barkov in neutral zone.
4:19 of 2nd period - Slapshot by Kevin Veilleux.
4:19 of 2nd period - Deflect By Brian Ferlin.
4:19 of 2nd period - Shot Blocked by Justin Florek.
4:19 of 2nd period - Puck is out of play.
4:20 of 2nd period - Cody Eakin wins face-off versus Mike Zigomanis in Patriotes zone.
4:22 of 2nd period - Minor Penalty to Shane Sims for Interference.
4:23 of 2nd period - Cody Eakin wins face-off versus Mike Zigomanis in Patriotes zone.
4:58 of 2nd period - Nathan Davis is hit by Timothy Kunes and loses puck.
6:19 of 2nd period - Snap shot by Brian Ferlin.
6:19 of 2nd period - Stopped by Marek Schwarz with a rebound.
6:21 of 2nd period - Wrist shot by Brian Ferlin.
6:21 of 2nd period - Shot Blocked by Christian Hanson.
6:22 of 2nd period - Penalty to Shane Sims is over, Shane Sims is back on ice.
6:23 of 2nd period - Slapshot by Dylan McIlrath.
6:23 of 2nd period - Shot Blocked by Christian Hanson.
6:25 of 2nd period - Slapshot by Slater Koekkoek.
6:25 of 2nd period - Shot Blocked by Timothy Kunes.
6:27 of 2nd period - Snap shot by Brian Ferlin.
6:27 of 2nd period - Goal by Brian Ferlin - Rafales : 2 - Patriotes : 2.
6:28 of 2nd period - Mike Zigomanis wins face-off versus Cody Eakin in neutral zone.
6:28 of 2nd period - Mike Zigomanis is hit by Tyler Randell.
7:10 of 2nd period - Matt Gilroy is hit by Austin Watson and loses puck.
7:17 of 2nd period - Dillon Heatherington is hit by Matt Gilroy and loses puck.
7:30 of 2nd period - Wrist shot by Borna Rendulic.
7:30 of 2nd period - Stopped by Leland Irving with a rebound.
7:38 of 2nd period - Dillon Heatherington is hit by Dylan McIlrath and loses puck.
7:57 of 2nd period - Snap shot by Cody Eakin.
7:57 of 2nd period - Stopped by Leland Irving without a rebound.
7:58 of 2nd period - Cody Eakin wins face-off versus Milan Bartovic in Rafales zone.
8:32 of 2nd period - Slapshot by Timothy Kunes.
8:32 of 2nd period - Stopped by Leland Irving with a rebound.
8:44 of 2nd period - Wrist shot by James Sheppard.
8:44 of 2nd period - Stopped by Marek Schwarz with a rebound.
8:46 of 2nd period - Slapshot by Joey Laleggia.
8:46 of 2nd period - Shot Blocked by Timothy Kunes.
8:56 of 2nd period - Slater Koekkoek is hit by Shane Sims and loses puck.
9:07 of 2nd period - Slapshot by James Marcou.
9:07 of 2nd period - Shot Misses the Net.
9:31 of 2nd period - Snap shot by Cody Eakin.
9:31 of 2nd period - Stopped by Leland Irving with a rebound.
9:33 of 2nd period - Slapshot by Cody Eakin.
9:33 of 2nd period - Shot Misses the Net.
9:35 of 2nd period - Snap shot by Matt Calvert.
9:35 of 2nd period - Goal by Matt Calvert - Rafales : 2 - Patriotes : 3.
9:36 of 2nd period - Matt Calvert wins face-off versus Mike Zigomanis in neutral zone.
9:47 of 2nd period - Snap shot by Mike Zigomanis.
9:47 of 2nd period - Shot Misses the Net.
9:49 of 2nd period - Wrist shot by Mike Zigomanis.
9:49 of 2nd period - Stopped by Marek Schwarz without a rebound.
9:50 of 2nd period - Christian Hanson wins face-off versus Mike Zigomanis in Patriotes zone.
10:15 of 2nd period - Shane Sims is hit by Nathan Davis and loses puck.
10:34 of 2nd period - Slapshot by Nathan Davis.
10:34 of 2nd period - Shot Misses the Net.
10:36 of 2nd period - Slapshot by Joey Laleggia.
10:36 of 2nd period - Stopped by Marek Schwarz without a rebound.
10:37 of 2nd period - Kevin Veilleux wins face-off versus Austin Watson in Patriotes zone.
10:38 of 2nd period - Snap shot by James Sheppard.
10:38 of 2nd period - Stopped by Marek Schwarz with a rebound.
10:40 of 2nd period - Snap shot by Matt Gilroy.
10:40 of 2nd period - Stopped by Marek Schwarz with a rebound.
10:44 of 2nd period - Snap shot by Brian Ferlin.
10:44 of 2nd period - Shot Misses the Net.
10:46 of 2nd period - Wrist shot by Brian Ferlin.
10:46 of 2nd period - Goal by Brian Ferlin - Rafales : 3 - Patriotes : 3.
10:47 of 2nd period - Cody Eakin wins face-off versus Cody McLeod in neutral zone.
10:50 of 2nd period - Matt Gilroy is hit by Shane Sims and loses puck.
10:55 of 2nd period - Snap shot by Matt Calvert.
10:55 of 2nd period - Shot Misses the Net.
10:57 of 2nd period - Snap shot by Tyler Randell.
10:57 of 2nd period - Shot Misses the Net.
10:59 of 2nd period - Slapshot by Shane Sims.
10:59 of 2nd period - Shot Misses the Net.
11:01 of 2nd period - Wrist shot by Matt Calvert.
11:01 of 2nd period - Stopped by Leland Irving without a rebound.
11:02 of 2nd period - Nathan Davis wins face-off versus Christian Hanson in Rafales zone.
11:54 of 2nd period - Joey Laleggia is hit by Matt Calvert and loses puck.
12:31 of 2nd period - Wrist shot by Cody Eakin.
12:31 of 2nd period - Shot Blocked by Joey Laleggia.
12:33 of 2nd period - Snap shot by Matt Calvert.
12:33 of 2nd period - Stopped by Leland Irving without a rebound.
12:34 of 2nd period - Christian Hanson wins face-off versus Cody McLeod in Rafales zone.
12:35 of 2nd period - Slapshot by Justin Florek.
12:35 of 2nd period - Goal by Justin Florek - Rafales : 3 - Patriotes : 4.
12:36 of 2nd period - Mike Zigomanis wins face-off versus Christian Hanson in neutral zone.
13:03 of 2nd period - Nathan Davis is hit by David Kolomatis and loses puck.
13:24 of 2nd period - Wrist shot by James Sheppard.
13:24 of 2nd period - Shot Misses the Net.
13:26 of 2nd period - Wrist shot by James Sheppard.
13:26 of 2nd period - Stopped by Marek Schwarz with a rebound.
13:28 of 2nd period - Snap shot by Brian Ferlin.
13:28 of 2nd period - Shot Blocked by Shea Theodore.
13:30 of 2nd period - Snap shot by James Sheppard.
13:30 of 2nd period - Shot Misses the Net.
13:32 of 2nd period - Slapshot by Matt Gilroy.
13:32 of 2nd period - Deflect By Shea Theodore.
13:32 of 2nd period - Stopped by Marek Schwarz with a rebound.
13:46 of 2nd period - Snap shot by James Marcou.
13:46 of 2nd period - Shot Misses the Net.
14:54 of 2nd period - Backhand shot by Brian Ferlin.
14:54 of 2nd period - Deflect By Kevin Veilleux.
14:54 of 2nd period - Stopped by Marek Schwarz with a rebound.
15:06 of 2nd period - Snap shot by Chris Terry.
15:06 of 2nd period - Shot Misses the Net.
15:14 of 2nd period - Slater Koekkoek is hit by Cody Eakin and loses puck.
16:08 of 2nd period - Dillon Heatherington is hit by Kevin Veilleux.
17:13 of 2nd period - Nathan Davis is hit by Borna Rendulic and loses puck.
17:29 of 2nd period - Minor Penalty to Borna Rendulic for Holding.
17:30 of 2nd period - Mike Zigomanis wins face-off versus Cody Eakin in Patriotes zone.
17:43 of 2nd period - Shane Sims is hit by Joey Laleggia and loses puck.
18:08 of 2nd period - Slapshot by Milan Bartovic.
18:08 of 2nd period - Goal by Milan Bartovic - Rafales : 4 - Patriotes : 4.
18:09 of 2nd period - Mike Zigomanis wins face-off versus Cody Eakin in neutral zone.
18:16 of 2nd period - Minor Penalty to Cody Eakin for Charging.
18:17 of 2nd period - Robert Baillargeon wins face-off versus Mike Zigomanis in Patriotes zone.
19:30 of 2nd period - Connor Murphy is hit by David Kolomatis and loses puck.
19:51 of 2nd period - Tyler Randell is hit by Matt Gilroy and loses puck.
Goals for this period are 4 for Rafales vs 2 for Patriotes.
Shots for this period are 15 for Rafales vs 10 for Patriotes.

3rd period


0:01 of 3rd period - Mike Zigomanis wins face-off versus Robert Baillargeon in neutral zone.
0:16 of 3rd period - Penalty to Cody Eakin is over, Cody Eakin is back on ice.
0:38 of 3rd period - Slapshot by James Sheppard.
0:38 of 3rd period - Deflect By Kevin Veilleux.
0:38 of 3rd period - Stopped by Marek Schwarz with a rebound.
2:05 of 3rd period - Off-side.
2:06 of 3rd period - Nathan Davis wins face-off versus Tyler Randell in neutral zone.
2:36 of 3rd period - Double Minor Penalty to David Kolomatis for Slashing.
2:37 of 3rd period - Mike Zigomanis wins face-off versus Cody Eakin in Patriotes zone.
2:40 of 3rd period - Snap shot by Mike Zigomanis.
2:40 of 3rd period - Shot Misses the Net.
2:42 of 3rd period - Slapshot by Cody McLeod.
2:42 of 3rd period - Shot Misses the Net.
4:14 of 3rd period - Matt Calvert is hit by Milan Bartovic and loses puck.
6:36 of 3rd period - Penalty to David Kolomatis is over, David Kolomatis is back on ice.
6:36 of 3rd period - Brian Ferlin is hit by David Kolomatis and loses puck.
7:40 of 3rd period - Icing by Shea Theodore.
7:41 of 3rd period - Jared Knight wins face-off versus Cedric Paquette in Patriotes zone.
7:51 of 3rd period - Chris Terry is hit by Dale Weise.
8:05 of 3rd period - Snap shot by Christian Hanson.
8:05 of 3rd period - Shot Misses the Net.
8:25 of 3rd period - Snap shot by Michael Ryder.
8:25 of 3rd period - Stopped by Marek Schwarz with a rebound.
8:27 of 3rd period - Snap shot by Michael Ryder.
8:27 of 3rd period - Shot Misses the Net.
9:01 of 3rd period - Snap shot by Justin Florek.
9:01 of 3rd period - Stopped by Leland Irving with a rebound.
9:15 of 3rd period - Snap shot by Cody McLeod.
9:15 of 3rd period - Shot Blocked by Shane Sims.
9:28 of 3rd period - Icing by Matt Gilroy.
9:29 of 3rd period - Cody Eakin wins face-off versus Nathan Davis in Rafales zone.
9:36 of 3rd period - Snap shot by Cody Eakin.
9:36 of 3rd period - Shot Misses the Net.
9:38 of 3rd period - Slapshot by Shea Theodore.
9:38 of 3rd period - Shot Misses the Net.
10:17 of 3rd period - Wrist shot by Brian Ferlin.
10:17 of 3rd period - Shot Misses the Net.
10:19 of 3rd period - Slapshot by Brian Ferlin.
10:19 of 3rd period - Shot Misses the Net.
10:21 of 3rd period - Snap shot by Matt Gilroy.
10:21 of 3rd period - Stopped by Marek Schwarz without a rebound.
10:22 of 3rd period - Cody Eakin wins face-off versus Nathan Davis in Patriotes zone.
10:22 of 3rd period - Cody Eakin is hit by Nathan Davis.
10:28 of 3rd period - Joey Laleggia is hit by Matt Calvert and loses puck.
10:33 of 3rd period - Wrist shot by Matt Calvert.
10:33 of 3rd period - Stopped by Leland Irving with a rebound.
10:35 of 3rd period - Snap shot by Cody Eakin.
10:35 of 3rd period - Deflect By Matt Calvert.
10:35 of 3rd period - Shot Blocked by Joey Laleggia.
10:35 of 3rd period - Puck is out of play.
10:36 of 3rd period - Mike Zigomanis wins face-off versus Christian Hanson in Rafales zone.
10:36 of 3rd period - Mike Zigomanis is hit by Timothy Kunes.
11:25 of 3rd period - Off-side.
11:26 of 3rd period - Aleksander Barkov wins face-off versus Kevin Veilleux in neutral zone.
12:14 of 3rd period - Snap shot by Borna Rendulic.
12:14 of 3rd period - Stopped by Leland Irving without a rebound.
12:15 of 3rd period - Cody Eakin wins face-off versus Mike Zigomanis in Rafales zone.
12:16 of 3rd period - Slapshot by Tyler Randell.
12:16 of 3rd period - Goal by Tyler Randell - Rafales : 4 - Patriotes : 5.
12:17 of 3rd period - Cody Eakin wins face-off versus Mike Zigomanis in neutral zone.
12:17 of 3rd period - Tyler Randell is hit by Mike Zigomanis and loses puck.
13:13 of 3rd period - Off-side.
13:14 of 3rd period - Cody Eakin wins face-off versus Nathan Davis in neutral zone.
13:16 of 3rd period - Shea Theodore is hit by Matt Gilroy and loses puck.
13:39 of 3rd period - Shea Theodore is hit by Connor Murphy and loses puck.
14:06 of 3rd period - Icing by Joey Laleggia.
14:07 of 3rd period - Cody Eakin wins face-off versus Cedric Paquette in Rafales zone.
14:54 of 3rd period - Off-side.
14:55 of 3rd period - Nathan Davis wins face-off versus Aleksander Barkov in neutral zone.
14:58 of 3rd period - Austin Watson is hit by Matt Gilroy and loses puck.
15:03 of 3rd period - Snap shot by Carl Klingberg.
15:03 of 3rd period - Deflect By Aaron Ness.
15:03 of 3rd period - Shot Misses the Net.
15:03 of 3rd period - Puck is out of play.
15:04 of 3rd period - Aleksander Barkov wins face-off versus Mike Zigomanis in Patriotes zone.
15:19 of 3rd period - Snap shot by Mike Zigomanis.
15:19 of 3rd period - Stopped by Marek Schwarz without a rebound.
15:20 of 3rd period - Cody Eakin wins face-off versus Kevin Veilleux in Patriotes zone.
15:25 of 3rd period - Slapshot by Shane Sims.
15:25 of 3rd period - Shot Blocked by Brian Ferlin.
15:33 of 3rd period - Snap shot by Cody Eakin.
15:33 of 3rd period - Stopped by Leland Irving without a rebound.
15:34 of 3rd period - Mike Zigomanis wins face-off versus Aleksander Barkov in Rafales zone.
15:34 of 3rd period - Mike Zigomanis is hit by Austin Watson.
16:04 of 3rd period - Matt Gilroy is hit by David Kolomatis and loses puck.
16:18 of 3rd period - Minor Penalty to Brian Ferlin for Hooking.
16:19 of 3rd period - Cody Eakin wins face-off versus Mike Zigomanis in Rafales zone.
18:18 of 3rd period - Penalty to Brian Ferlin is over, Brian Ferlin is back on ice.
18:32 of 3rd period - Backhand shot by Michael Ryder.
18:32 of 3rd period - Shot Misses the Net.
18:34 of 3rd period - Snap shot by Julian Melchiori.
18:34 of 3rd period - Stopped by Marek Schwarz with a rebound.
18:36 of 3rd period - Snap shot by Michael Ryder.
18:36 of 3rd period - Stopped by Marek Schwarz with a rebound.
18:52 of 3rd period - Rafales, Leland Irving is pulled from the net.
19:02 of 3rd period - Snap shot by Michael Ryder.
19:02 of 3rd period - Stopped by Marek Schwarz without a rebound.
19:03 of 3rd period - Paul MacLean call a timeout for Rafales.
19:03 of 3rd period - Mike Zigomanis wins face-off versus Cody Eakin in Patriotes zone.
19:04 of 3rd period - Snap shot by Michael Ryder.
19:04 of 3rd period - Goal by Michael Ryder - Rafales : 5 - Patriotes : 5.
19:04 of 3rd period - Leland Irving from Rafales was sent back in the game.
19:05 of 3rd period - Aleksander Barkov wins face-off versus Kevin Veilleux in neutral zone.
19:08 of 3rd period - Slapshot by Timothy Kunes.
19:08 of 3rd period - Goal by Timothy Kunes - Rafales : 5 - Patriotes : 6.
19:09 of 3rd period - Mike Zigomanis wins face-off versus Cody Eakin in neutral zone.
19:12 of 3rd period - Rafales, Leland Irving is pulled from the net.
19:20 of 3rd period - Slapshot by Timothy Kunes.
19:20 of 3rd period - Shot Misses the Net.
19:22 of 3rd period - Snap shot by Tyler Randell.
19:22 of 3rd period - Goal by Tyler Randell - Rafales : 5 - Patriotes : 7.
19:22 of 3rd period - Leland Irving from Rafales was sent back in the game.
19:23 of 3rd period - Aleksander Barkov wins face-off versus Kevin Veilleux in neutral zone.
19:36 of 3rd period - Slapshot by Timothy Kunes.
19:36 of 3rd period - Shot Blocked by Connor Murphy.
19:38 of 3rd period - Slapshot by Shane Sims.
19:38 of 3rd period - Stopped by Leland Irving with a rebound.
19:56 of 3rd period - Slapshot by Nathan Davis.
19:56 of 3rd period - Stopped by Marek Schwarz without a rebound.
19:57 of 3rd period - Nathan Davis wins face-off versus Aleksander Barkov in Patriotes zone.
Goals for this period are 1 for Rafales vs 3 for Patriotes.
Shots for this period are 9 for Rafales vs 8 for Patriotes.